 Dungeon Crawl Stone Soup version 0.28.0-47-ge53b351184 (webtiles) character file.

Game seed: 14306225629407063583

533 issech the Slasher (level 7, -10/67 HPs)
             Began as a Troll Monk on May 11, 2022.
             Mangled by Duvessa
             ... wielding a +0 short sword
              (16 damage)
             ... on level 4 of the Dungeon.
             The game lasted 00:08:50 (2866 turns).

issech the Slasher (Troll Monk)                     Turns: 2866, Time: 00:08:50

Health: -10/67     AC:  4    Str: 20    XL:     7   Next: 4%
Magic:  6/6        EV: 11    Int:  6    God:
Gold:   196        SH:  0    Dex: 14    Spells: 6/6 levels left

rFire   + . .      SeeInvis .   u - +2 flail (holy)
rCold   x . .      Faith    .   (no shield)
rNeg    . . .      Spirit   .   b - +0 robe
rPois   .          Reflect  .   (helmet restricted)
rElec   .          Harm     .   (no cloak)
rCorr   .          Rampage  .   (gloves unavailable)
Will    .....                   (boots unavailable)
Stlth   ++........              (no amulet)
HPRegen 1.01/turn               s - ring of fire
MPRegen 0.10/turn               (no ring)

@: lethally poisoned (-10 -> -10)
A: large, unfitting armour, claws 3, regeneration 1, shaggy fur 1, tough skin 1
a: no special abilities


You were on level 4 of the Dungeon.
You visited 1 branch of the dungeon, and saw 4 of its levels.

You collected 196 gold pieces.

Inventory:

Hand Weapons
 a - a +0 mace
 e - a +1 long sword of electrocution
 r - a +0 hunting sling
 u - a +2 flail of holy wrath (weapon)
Missiles
 h - 42 sling bullets
 i - 35 bolts
 l - 66 stones (quivered)
 q - 6 poisoned darts
 t - a curare-tipped dart
Armour
 b - a +0 robe (worn)
Magical Staves
 n - a staff of air
Jewellery
 s - a ring of fire (left claw)
Scrolls
 c - a scroll of fog {unknown}
 d - 2 scrolls of teleportation {unknown}
 g - a scroll of noise {unknown}
 j - 2 scrolls of identify {unknown}
 o - a scroll of amnesia {unknown}
Potions
 f - a potion of cancellation {unknown}
 k - a potion of heal wounds {unknown}
 m - 3 potions of flight {unknown}
 p - a potion of might {unknown}


   Skills:
 + Level 3.4 Fighting
 + Level 4.1 Long Blades
 + Level 3.5 Maces & Flails
 + Level 3.4 Dodging
 + Level 1.5 Stealth


You had 6 spell levels left.
You didn't know any spells.
Your spell library contained the following spells:

 Spells                   Type           Power      Damage    Failure   Level
 Ensorcelled Hibernation  Hex/Ice        0%         N/A       58%         2
 Passwall                 Tmut/Erth      0%         N/A       58%         2
 Swiftness                Air            0%         N/A       83%         3


Dungeon Overview and Level Annotations

Branches:
Dungeon (4/15)
 Temple: D:4-7

Altars:
Gozag
Okawaru
Yredelemnul

Annotations:
D:4 Duvessa


Innate Abilities, Weirdness & Mutations

You are too large for most types of armour.
You have claws for hands.
Your natural rate of healing is unusually fast.
You are covered in fur. (AC +1)
You have tough skin. (AC +1)


Message History

Dowan is almost dead.
You feel very sick.
Dowan hits you with a +0 dagger of venom.
You are more poisoned.
You closely miss Dowan.
Dowan is almost dead.
You feel extremely sick.
Dowan hits you with a +0 dagger of venom.
You are more poisoned.
You closely miss Dowan.
Dowan is almost dead.
You feel extremely sick. Dowan gestures at you while chanting.
The puff of frost hits you!
You feel a terrible chill!
You barely miss Dowan.
Dowan is almost dead.
* * * LOW HITPOINT WARNING * * *
You feel very sick. Dowan barely misses you. x2
You sock Dowan!
You kill Dowan!
You hear a distant scream of rage.
You feel very sick.
Duvessa, Sister of Dowan comes into view.
She is wielding a +0 short sword.
You have reached level 7!
You feel very sick.
Duvessa goes berserk!
Duvessa rages.
You feel sick.
You feel sick.
You feel sick.
Duvessa rages.
You feel sick.
You feel sick.
Okay, then.
Okay, then.
You thump Duvessa!
Duvessa is moderately wounded.
You feel sick. Duvessa hits you with a +0 short sword!
You die...

###.##..##................#......
........##.........###.###.#####.
##.#.#.###........## #.# #.#
...#...# ##...###.# #.# #.#
.#####.# ###.# #.# #.# #.#
...#...######.# #.# #.# #.#
##.#.......[..# #.# #.# #.#
........###...###.####)###.###
##..###.# #.#...@e.....?......
##..###.###...############.###
##).##........# ##..###.#####.#
.#..###.#####.## #...#...........
.#<.#.#.......#.
....#.#.#####...# ...)...## #


You could see Duvessa (berserk).

Vanquished Creatures
  Edmund (D:4)
  A black bear (D:4)
  A kobold brigand (D:4)
  Dowan (D:4)
  Natasha (twice) (D:4)
  An orc wizard (D:3)
  4 adders
  A worm (D:2)
  2 dart slugs
  3 orcs (D:3)
  9 endoplasms
  4 giant cockroaches
  11 goblins
  9 hobgoblins
  5 jackals
  2 quokkas (D:3)
  6 ball pythons
  8 bats
  3 frilled lizards
  9 kobolds
  11 rats
94 creatures vanquished.

Notes
Turn   | Place    | Note
-------+----------+-------------------------------------------
     0 | D:1      | issech the Troll Monk began the quest for the Orb.
     0 | D:1      | Reached XP level 1. HP: 22/22 MP: 0/0
   126 | D:1      | Reached XP level 2. HP: 29/29 MP: 1/1
   718 | D:1      | Reached XP level 3. HP: 32/36 MP: 2/2
  1074 | D:2      | Reached skill level 1 in Long Blades
  1234 | D:2      | Reached XP level 4. HP: 35/44 MP: 3/3
  1490 | D:2      | Found a basalt altar of Yredelemnul.
  1606 | D:3      | Found an opulent altar of Gozag.
  1643 | D:3      | Reached skill level 2 in Long Blades
  1754 | D:3      | Reached XP level 5. HP: 50/53 MP: 4/4
  1837 | D:3      | Found an iron altar of Okawaru.
  2437 | D:4      | Reached skill level 3 in Long Blades
  2466 | D:4      | Noticed a black bear
  2493 | D:4      | Killed a black bear
  2494 | D:4      | Reached XP level 6. HP: 56/61 MP: 5/5
  2548 | D:4      | Noticed Edmund
  2554 | D:4      | Killed Edmund
  2617 | D:4      | Noticed Natasha
  2619 | D:4      | Killed Natasha
  2620 | D:4      | Reached skill level 4 in Long Blades
  2728 | D:4      | Noticed Natasha
  2744 | D:4      | Killed Natasha
  2849 | D:4      | Noticed Dowan
  2859 | D:4      | Killed Dowan
  2859 | D:4      | Noticed Duvessa
  2860 | D:4      | Reached XP level 7. HP: 11/67 MP: 6/6
  2866 | D:4      | Mangled by Duvessa

Illustrated notes

Levels and vault maps discovered:
D:1:      lemuel_arrival_broad_hall, layout_basic, minmay_pentomino_o2
D:2:      layout_basic, basic_altar
D:3:      layout_loops_ring, lemuel_doored_altar, mainiacjoe_overflow_paths
D:4:      layout_loops_ring, makhleb_altar_promises_db, uniq_duvessa,
          uniq_natasha, uniq_edmund

Skill      XL: |  1  2  3  4  5  6 |
---------------+-------------------+-----
Maces & Flails | 3 |  3.5
Long Blades    | 1 2 3 4 |  4.1
Fighting       | 3 |  3.4
Dodging        | 3 |  3.4
Stealth        | |  1.5

Action                   |  1- 3 |  4- 6 |  7- 9 || total
-------------------------+-------+-------+-------++-------
Melee: Mace              |    36 |       |       ||    36
       Long sword        |   102 |    94 |       ||   196
       Punch             |     1 |     3 |       ||     4
       Flail             |       |    28 |     1 ||    29
Throw: Stone             |       |     2 |       ||     2
 Stab: Sleeping          |     1 |     2 |       ||     3
Armor: Robe              |    51 |    49 |       ||   100
Dodge: Dodged            |    87 |    99 |       ||   186
